[Event "Titled Tuesday Blitz August 16 Early 2022"]
[White "Jaferian, Koosha"]
[Black "Arslanov, Shamil"]
[WhiteFideId "12507440"]
[BlackFideId "4192826"]
[WhiteElo "2030"]
[BlackElo "2338"]
[Result "0-1"]
[Round "03"]
[TimeControl "180+2"]
[Date "2022.08.18"]
[WhiteClock "0:00:00"]
[BlackClock "0:00:00"]

1. Nf3 Nc6 2. d4 d5 3. Bf4 Bf5 4. e3 e6 5. Bd3 Bg6 6. O-O Bd6 7. Bxd6 Qxd6 8. c4 Nge7 9. Nc3 O-O 10. Bxg6 hxg6 11. Qe2 a6 12. Rac1 Rad8 13. Rfd1 Rfe8 14. a3 Nc8 15. c5 Qe7 16. b4 Qf6 17. b5 axb5 18. Qxb5 e5 19. Qxb7 exd4 20. Nxd4 Nxd4 21. Rxd4 c6 22. a4 Ne7 23. Qb1 Nf5 24. Rdd1 d4 25. exd4 Nxd4 26. Re1 Rxe1+ 27. Rxe1 Nf3+ 28. gxf3 Qxc3 29. Rd1 Ra8 30. Qb6 Qxf3 31. Rd8+ Rxd8 32. Qxd8+ Kh7 33. Qh4+ Kg8 34. a5 Qd1+ 35. Kg2 Qd5+ 36. Kg3 g5 37. Qb4 f5 38. h4 gxh4+ 39. Kxh4 Qg2 40. Qf4 g6 41. a6 Kh7 42. a7 g5+ 43. Qxg5 Qh2# 0-1


[Site "https://www.chess.com"]

[Event "Titled Tuesday Blitz August 16 Early 2022"]
[White "Kezin, Roman"]
[Black "Golubev, Mikhail"]
[WhiteFideId "24124621"]
[BlackFideId "14100983"]
[WhiteElo "2551"]
[BlackElo "2374"]
[Result "1-0"]
[Round "03"]
[TimeControl "180+2"]
[Date "2022.08.18"]
[WhiteClock "0:00:00"]
[BlackClock "0:00:00"]

1. b3 d6 2. Bb2 Nd7 3. e4 c5 4. Nc3 Ngf6 5. f4 b6 6. Bc4 Bb7 7. Qe2 e6 8. Nf3 a6 9. a4 Qc7 10. g4 Be7 11. g5 Nxe4 12. Nxe4 d5 13. Bxg7 dxe4 14. Ne5 Rg8 15. Nxd7 Rxg7 16. Nf6+ Bxf6 17. gxf6 Rg6 18. O-O-O Qxf4 19. Kb1 Qxf6 20. Rhf1 Qe5 21. Qf2 f5 22. Qh4 b5 23. axb5 axb5 24. Bxb5+ Kf7 25. c3 e3 26. Qxh7+ Rg7 27. Qh5+ Kg8 28. Bc4 Qe4+ 29. Kb2 Qe5 30. Rxf5 Qd6 31. Rg5 Qe7 32. Rdg1 1-0


[Site "https://www.chess.com"]

[Event "Titled Tuesday Blitz August 16 Early 2022"]
[White "Khabinets, Ivan"]
[Black "Mikhalsky, Vladimir"]
[WhiteFideId "14115980"]
[BlackFideId "14144352"]
[WhiteElo "2114"]
[BlackElo "2301"]
[Result "1-0"]
[Round "03"]
[TimeControl "180+2"]
[Date "2022.08.18"]
[WhiteClock "0:00:00"]
[BlackClock "0:00:00"]

1. e4 g6 2. d4 Bg7 3. Nf3 d6 4. Bc4 e6 5. Qe2 Ne7 6. O-O a6 7. Bb3 b6 8. c3 Bb7 9. Bg5 h6 10. Bh4 g5 11. Bg3 Ng6 12. Nbd2 g4 13. Ne1 h5 14. h3 gxh3 15. gxh3 Nd7 16. Nd3 h4 17. Bh2 Qg5+ 18. Kh1 O-O-O 19. Rg1 Qf6 20. Rae1 Bh6 21. Nc4 d5 22. Nd2 Bxd2 23. e5 Qf5 24. Qxd2 Qxh3 25. Bd1 Ngxe5 26. Nxe5 Nxe5 27. Rxe5 Rdg8 28. Ree1 a5 29. Qf4 f5 30. Qxc7# 1-0


[Site "https://www.chess.com"]

[Event "Titled Tuesday Blitz August 16 Early 2022"]
[White "Khusenkhojaev, Muhammad"]
[Black "Leiva, Gianmarco"]
[WhiteFideId "14700247"]
[BlackFideId "3804399"]
[WhiteElo "2397"]
[BlackElo "2389"]
[Result "1/2-1/2"]
[Round "03"]
[TimeControl "180+2"]
[Date "2022.08.18"]
[WhiteClock "0:00:00"]
[BlackClock "0:00:00"]

1. Nf3 Nf6 2. c4 e6 3. g3 d5 4. d4 Nbd7 5. Bg2 dxc4 6. O-O Be7 7. Qc2 a6 8. Rd1 O-O 9. Ne5 Nxe5 10. dxe5 Nd7 11. Na3 Bxa3 12. bxa3 Qe7 13. Qxc4 Nxe5 14. Qc3 Ng4 15. Bb2 Nf6 16. a4 a5 17. Ba3 Qe8 18. Qxc7 Nd5 19. Qc5 Bd7 20. Qxf8+ Qxf8 21. Bxf8 Kxf8 22. Bxd5 exd5 23. Rxd5 Bxa4 24. f3 Bc6 25. Rd2 Re8 26. Kf2 Re5 27. e4 Rc5 28. Rb1 g6 29. Rbb2 Rc3 30. Rb3 Rc4 31. Ke3 h5 32. h4 Rc1 33. Kf4 Ke7 34. Rbd3 Rc4 35. Rd8 Rc3 36. R8d3 Rc4 37. Ke5 Rc1 38. Kf4 Rc4 1/2-1/2


[Site "https://www.chess.com"]

[Event "Titled Tuesday Blitz August 16 Early 2022"]
[White "Kiseljova, Marya"]
[Black "Pham, Khoi"]
[WhiteFideId "4155009"]
[BlackFideId "1054988"]
[WhiteElo "1697"]
[BlackElo "2376"]
[Result "0-1"]
[Round "03"]
[TimeControl "180+2"]
[Date "2022.08.18"]
[WhiteClock "0:00:00"]
[BlackClock "0:00:00"]

1. d4 f5 2. c4 Nf6 3. Nc3 g6 4. Nf3 Bg7 5. Bg5 h6 6. Bxf6 Bxf6 7. e4 d6 8. e5 Bg7 9. Be2 O-O 10. Qb3 Kh8 11. h4 Nc6 12. exd6 cxd6 13. O-O-O Qa5 14. Kb1 e5 15. dxe5 dxe5 16. Nd5 e4 17. Ne1 Nd4 18. Rxd4 Bxd4 19. Qg3 Bg7 20. Qxg6 Qd2 21. Nc3 Bd7 22. Bh5 Rf6 23. Qg3 Rb6 24. Na4 Rxb2+ 25. Nxb2 Qxb2# 0-1


[Site "https://www.chess.com"]

[Event "Titled Tuesday Blitz August 16 Early 2022"]
[White "Koniahli, Malek."]
[Black "Gil Alba, Hector Luis"]
[WhiteFideId "7603495"]
[BlackFideId "3504670"]
[WhiteElo "2097"]
[BlackElo "2331"]
[Result "1-0"]
[Round "03"]
[TimeControl "180+2"]
[Date "2022.08.18"]
[WhiteClock "0:00:00"]
[BlackClock "0:00:00"]

1. e4 c5 2. Nf3 Nc6 3. d4 cxd4 4. Nxd4 e5 5. Nb5 d6 6. c4 a6 7. N5c3 Be7 8. Be2 Bg5 9. Na3 Bxc1 10. Rxc1 Nf6 11. O-O O-O 12. Nc2 Be6 13. Qd2 Qe7 14. Rfd1 Rfd8 15. b3 Rac8 16. Nd5 Bxd5 17. cxd5 Nb8 18. f3 Nbd7 19. Ne3 g6 20. b4 Nb6 21. Qb2 Na4 22. Qb3 b5 23. Rc6 Rxc6 24. dxc6 Qa7 25. Kh1 Qb6 26. Rc1 Rc8 27. Nd5 Nxd5 28. exd5 Qf2 29. Bf1 Qd4 30. a3 Rc7 31. Rd1 Qb2 32. Qxb2 Nxb2 33. Rc1 Na4 34. g4 Nb6 35. Rd1 f5 36. gxf5 gxf5 37. Bh3 f4 38. Be6+ Kg7 39. Rg1+ Kf6 40. Rg8 Nc4 41. Rf8+ Kg7 42. Rc8 Rxc8 43. Bxc8 e4 44. fxe4 f3 45. Kg1 Nd2 46. Bf5 1-0


[Site "https://www.chess.com"]

[Event "Titled Tuesday Blitz August 16 Early 2022"]
[White "Korelskiy, Egor"]
[Black "Demchenko, Anton"]
[WhiteFideId "34329064"]
[BlackFideId "4160258"]
[WhiteElo "2077"]
[BlackElo "2539"]
[Result "0-1"]
[Round "03"]
[TimeControl "180+2"]
[Date "2022.08.18"]
[WhiteClock "0:00:00"]
[BlackClock "0:00:00"]

1. e4 c6 2. Nc3 g6 3. g3 d5 4. exd5 cxd5 5. d4 Nf6 6. Bg2 Nc6 7. Nf3 Bf5 8. Bf4 e6 9. O-O Bd6 10. Bh6 Ng4 11. Bg5 Be7 12. Bxe7 Qxe7 13. Re1 O-O-O 14. Nh4 Nf6 15. h3 h5 16. Qd2 Qb4 17. Red1 Qxb2 18. Nxf5 gxf5 19. Rab1 Qa3 20. Nb5 Qe7 21. c4 h4 22. cxd5 Nxd5 23. Rdc1 Kd7 24. Nxa7 Rb8 25. Nxc6 bxc6 26. Qc2 Qd6 0-1


[Site "https://www.chess.com"]

[Event "Titled Tuesday Blitz August 16 Early 2022"]
[White "Kosteniuk, Alexandra"]
[Black "Chen, Justin"]
[WhiteFideId "4128125"]
[BlackFideId "2098199"]
[WhiteElo "2469"]
[BlackElo "2289"]
[Result "0-1"]
[Round "03"]
[TimeControl "180+1"]
[Date "2022.08.16"]
[WhiteClock "0:00:16"]
[BlackClock "0:00:02"]

1. e4 e5 2. Nf3 Nc6 3. Bc4 Bc5 4. c3 Nf6 5. d4 exd4 6. cxd4 Bb4+ 7. Nbd2 Bxd2+ 8. Bxd2 Nxe4 9. d5 Nxd2 10. Qxd2 Ne7 11. d6 cxd6 12. O-O O-O 13. h4 d5 14. Bxd5 Nxd5 15. Qxd5 d6 16. Rad1 Qb6 17. Rd4 Be6 18. Qe4 h6 19. Qb1 Rac8 20. Rfd1 Rc6 21. b4 Rfc8 22. a4 d5 23. Qb2 Rc4 24. Ne5 Rxd4 25. Rxd4 Qc7 26. Nd3 b6 27. Nf4 Qc1+ 28. Qxc1 Rxc1+ 29. Kh2 Rc4 30. Ne2 Rc2 31. Nf4 Rxf2 32. Kg3 Rc2 33. Nxd5 Bxd5 34. Rxd5 Rc4 35. Rb5 Kf8 36. a5 Rc6 37. axb6 axb6 38. Kh3 Ke7 39. g3 Ke6 40. Kg4 Rd6 41. Kh3 g6 42. Kg4 h5+ 43. Kh3 f6 44. Kg2 Kd7 0-1


[Site "https://www.chess.com"]

[Event "Titled Tuesday Blitz August 16 Early 2022"]
[White "Kostiukov, Alexandr"]
[Black "Gonzalez Vega, Alejandro"]
[WhiteFideId "14108100"]
[BlackFideId "3510042"]
[WhiteElo "2202"]
[BlackElo "2092"]
[Result "1-0"]
[Round "03"]
[TimeControl "180+2"]
[Date "2022.08.18"]
[WhiteClock "0:00:00"]
[BlackClock "0:00:00"]

1. g3 d5 2. Bg2 Nf6 3. d3 Bf5 4. Nc3 e6 5. e4 dxe4 6. Nxe4 Nxe4 7. dxe4 Qxd1+ 8. Kxd1 Bg6 9. Be3 Nc6 10. Ke2 O-O-O 11. c3 Ne5 12. b3 Be7 13. f3 h5 14. Nh3 f6 15. Nf4 Bf7 16. Bh3 Kb8 17. Nxe6 Bxe6 18. Bxe6 h4 19. f4 Nc6 20. g4 Bd6 21. Bd5 Ne7 22. Be6 Nc6 23. Kf3 g6 24. Rad1 Rdf8 25. b4 a6 26. a3 g5 27. h3 gxf4 28. Bxf4 Ne5+ 29. Ke3 Re8 30. Bb3 Rh7 31. g5 fxg5 32. Bxg5 Rh5 33. Rhg1 Rf8 34. Ke2 Nf3 35. Be3 Nxg1+ 36. Rxg1 Bg3 37. Rd1 Re5 38. Bc2 Rfe8 39. Bd4 R5e7 40. Rf1 b6 41. Rf5 Rxe4+ 42. Bxe4 Rxe4+ 43. Kf3 Re1 44. a4 Rf1+ 45. Kg4 Rh1 46. a5 bxa5 47. Rxa5 Kb7 48. Rf5 Re1 49. Rf7 Re4+ 50. Kf3 Re1 51. Kg4 Re4+ 52. Kf3 Re1 53. Rg7 Rf1+ 54. Kg4 Rf4+ 55. Kh5 Rf1 56. Rg5 Rh1 57. Kg4 Rf1 58. Be5 Rg1 59. Kh5 Rg2 60. Rg7 Rg1 61. Rxc7+ Kb6 62. Rg7 Rd1 63. Bd4+ Kb5 64. Rg5+ Kc4 65. Ra5 Rf1 66. Rxa6 Rf5+ 67. Kg4 Rf4+ 68. Kg5 Rf5+ 69. Kxf5 1-0


[Site "https://www.chess.com"]

[Event "Titled Tuesday Blitz August 16 Early 2022"]
[White "Kotepalli, Sai Nirupama"]
[Black "Kambrath, Yannick"]
[WhiteFideId "5039444"]
[BlackFideId "20632525"]
[WhiteElo "1910"]
[BlackElo "2236"]
[Result "0-1"]
[Round "03"]
[TimeControl "180+2"]
[Date "2022.08.18"]
[WhiteClock "0:00:00"]
[BlackClock "0:00:00"]

1. e4 c5 2. Nf3 e6 3. d3 b5 4. Nbd2 Bb7 5. g3 Nc6 6. Bg2 d6 7. O-O Nf6 8. c3 Be7 9. Qe2 a6 10. Re1 Qd7 11. Nf1 d5 12. e5 Ng8 13. Bf4 Bd8 14. h4 Nge7 15. h5 h6 16. g4 g6 17. Ng3 Bc7 18. g5 hxg5 19. Bxg5 gxh5 20. Bf6 h4 21. Nxh4 Rg8 22. Qh5 O-O-O 23. Qxf7 Rdf8 24. Qh7 Qe8 25. Bh3 Ng6 26. Nxg6 Rxg6 27. Bxe6+ Kb8 28. Bxd5 Nd8 29. Bxb7 Nxb7 30. Kf1 Rg4 31. Qf5 Rgg8 32. Re4 Qc6 33. Rae1 Bd8 34. Nh5 Rh8 35. Qg4 Rhg8 36. Qe2 Bb6 37. a4 b4 38. c4 Qxa4 39. e6 Nd6 40. Be5 Bc7 41. Bxd6 Bxd6 42. e7 Re8 43. Nf6 Qc6 44. Nxg8 Qd7 45. Nf6 Qh3+ 46. Kg1 Qh2+ 47. Kf1 Qh1# 0-1


[Site "https://www.chess.com"]

[Event "Titled Tuesday Blitz August 16 Early 2022"]
[White "Kovacevic, Radmila"]
[Black "Ansh M Shah"]
[WhiteFideId "933171"]
[BlackFideId "25033379"]
[WhiteElo "2157"]
[BlackElo "1819"]
[Result "0-1"]
[Round "03"]
[TimeControl "180+2"]
[Date "2022.08.18"]
[WhiteClock "0:00:00"]
[BlackClock "0:00:00"]

1. e4 c5 2. Nf3 Nc6 3. d4 cxd4 4. c3 dxc3 5. Bc4 e6 6. O-O cxb2 7. Bxb2 d6 8. Re1 Nf6 9. Nbd2 Be7 10. h3 O-O 11. g4 d5 12. exd5 exd5 13. Bd3 Be6 14. Ng5 Bd7 15. Bxf6 Bxf6 16. Nxh7 Bxa1 17. Qxa1 Re8 18. Rf1 Ne5 19. Bb1 Qh4 20. Qc3 g6 21. f4 Kxh7 22. fxe5 Be6 23. Kh2 Rac8 24. Qd3 Kg8 25. Rf6 Bxg4 26. Rxg6+ fxg6 27. Qxg6+ Kf8 28. Qxg4 Qxg4 29. hxg4 Rxe5 30. Bf5 Rxf5 31. gxf5 Rc2 32. Kg3 Rxd2 33. Kf4 Rxa2 34. Ke5 Rf2 35. f6 Kf7 36. Kxd5 Rxf6 0-1


[Site "https://www.chess.com"]

[Event "Titled Tuesday Blitz August 16 Early 2022"]
[White "Lagno, Kateryna"]
[Black "Iljin, Timofey"]
[WhiteFideId "14109336"]
[BlackFideId "14110180"]
[WhiteElo "2522"]
[BlackElo "2404"]
[Result "0-1"]
[Round "03"]
[TimeControl "180+1"]
[Date "2022.08.16"]
[WhiteClock "0:00:01"]
[BlackClock "0:00:37"]

1. e4 d5 2. exd5 Nf6 3. d4 Bg4 4. f3 Bf5 5. c4 e6 6. dxe6 Nc6 7. Be3 Nb4 8. Na3 fxe6 9. g4 Bg6 10. Nh3 c5 11. dxc5 Qa5 12. Kf2 Rd8 13. Qe1 Bxc5 14. Nf4 O-O 15. Kg3 Bxe3 16. Qxe3 Qg5 17. Re1 Be4 18. h4 Qe5 19. fxe4 Rd4 20. Be2 Rxe4 21. Qf3 Rxf4 22. Qxf4 Nh5+ 0-1


[Site "https://www.chess.com"]

[Event "Titled Tuesday Blitz August 16 Early 2022"]
[White "Langner, Ladislav"]
[Black "Clawitter, Craig"]
[WhiteFideId "300403"]
[BlackFideId "2023105"]
[WhiteElo "2346"]
[BlackElo "2050"]
[Result "1-0"]
[Round "03"]
[TimeControl "180+2"]
[Date "2022.08.18"]
[WhiteClock "0:00:00"]
[BlackClock "0:00:00"]

1. e4 e6 2. d4 d5 3. e5 c5 4. c3 Qb6 5. Nf3 Nc6 6. a3 Nh6 7. b4 cxd4 8. cxd4 Nf5 9. Be3 f6 10. exf6 gxf6 11. Bd3 Nxe3 12. fxe3 Bh6 13. Qe2 O-O 14. Nc3 Ne7 15. O-O Bd7 16. Rae1 Rac8 17. Nd1 Be8 18. Nh4 Kh8 19. Qg4 Rg8 20. Qh3 Bg5 21. Nf3 Bg6 22. Bxg6 Nxg6 23. Nxg5 fxg5 24. Rf6 Rc6 25. Ref1 e5 26. Rf7 Rg7 27. Qh6 1-0


[Site "https://www.chess.com"]

[Event "Titled Tuesday Blitz August 16 Early 2022"]
[White "Lauridsen, Jesper Morch"]
[Black "Karaev, Seit-Amet"]
[WhiteFideId "1401890"]
[BlackFideId "4169549"]
[WhiteElo "2221"]
[BlackElo "2272"]
[Result "0-1"]
[Round "03"]
[TimeControl "180+2"]
[Date "2022.08.18"]
[WhiteClock "0:00:00"]
[BlackClock "0:00:00"]

1. e4 Nf6 2. e5 Nd5 3. d4 d6 4. Nf3 g6 5. Be2 Bg7 6. O-O O-O 7. exd6 cxd6 8. c4 Nb6 9. h3 Nc6 10. Nc3 h6 11. Be3 e5 12. dxe5 dxe5 13. Qxd8 Rxd8 14. Bxb6 axb6 15. Nd5 e4 16. Nd2 Bxb2 17. Rab1 Rxa2 18. Nxe4 Bf5 19. Bf3 Kg7 20. Nxb6 Re8 21. Nd6 Bxb1 22. Nxe8+ Kf8 23. Rxb1 Kxe8 24. Nd5 Bd4 25. Rxb7 Bxf2+ 26. Kh2 Nd4 27. Nf6+ Kf8 28. Bd5 Ne6 29. Bxe6 fxe6 30. c5 Rc2 31. Nd7+ Ke7 32. c6 Kd6 33. Nb8 h5 34. Rg7 h4 35. Rd7+ Ke5 36. Rd1 Bg3+ 37. Kg1 Kf6 38. Nd7+ Ke7 39. Nb8 Bxb8 0-1


[Site "https://www.chess.com"]

[Event "Titled Tuesday Blitz August 16 Early 2022"]
[White "Le, Tuan Minh"]
[Black "Costachi, Mihnea"]
[WhiteFideId "12401153"]
[BlackFideId "1217518"]
[WhiteElo "2530"]
[BlackElo "2437"]
[Result "1-0"]
[Round "03"]
[TimeControl "180+1"]
[Date "2022.08.16"]
[WhiteClock "0:00:36"]
[BlackClock "0:00:13"]

1. d4 Nf6 2. Nf3 g6 3. Bg5 Bg7 4. Nbd2 d5 5. c3 h6 6. e3 hxg5 7. Nxg5 c5 8. Bd3 c4 9. Bc2 Bf5 10. e4 dxe4 11. Ngxe4 Nxe4 12. Nxe4 Qb6 13. Qe2 O-O 14. O-O-O Nd7 15. g4 Bxe4 16. Bxe4 Qe6 17. Qc2 Qxg4 18. Rdg1 Qf4+ 19. Kb1 Nf6 20. Bxb7 Rab8 21. Ba6 Ne4 22. Ka1 Nd6 23. h4 Rb6 24. h5 Rxa6 25. hxg6 f5 26. Qe2 Qe4 27. Rh8+ Bxh8 28. Qh5 Kg7 29. Qh7+ Kf6 30. g7 Qe1+ 31. Rxe1 Bxg7 32. Rg1 Ke6 33. Qxg7 Rf6 34. Re1+ Kd5 35. Qxe7 Rg6 36. Re5+ Kc6 37. Rc5+ Kb6 38. Qc7# 1-0


[Site "https://www.chess.com"]

[Event "Titled Tuesday Blitz August 16 Early 2022"]
[White "Lehtosaari, Mauri"]
[Black "Mirzoev, Emil"]
[WhiteFideId "501999"]
[BlackFideId "14108640"]
[WhiteElo "2200"]
[BlackElo "2438"]
[Result "0-1"]
[Round "03"]
[TimeControl "180+2"]
[Date "2022.08.18"]
[WhiteClock "0:00:00"]
[BlackClock "0:00:00"]

1. d4 e6 2. Nf3 c5 3. e3 Nf6 4. Bd3 b6 5. O-O Bb7 6. b3 d6 7. Bb2 Nbd7 8. Nbd2 Be7 9. c3 O-O 10. Re1 Qc7 11. Rc1 Rad8 12. Qe2 Qb8 13. e4 e5 14. Bb5 Ne8 15. Bxd7 Rxd7 16. d5 Rd8 17. c4 Bc8 18. h3 g6 19. Nh2 Ng7 20. Ng4 f5 21. exf5 gxf5 22. Nxe5 dxe5 23. Bxe5 Bd6 24. f4 Rde8 25. Nf3 Bd7 26. g3 Nh5 27. Kh2 Nf6 28. Ng5 h6 29. Nf3 Ne4 30. Bxd6 Qxd6 31. Ne5 Rxe5 32. fxe5 Qxe5 33. Qf3 Kh7 34. Rc2 Rg8 35. Rg2 Ng5 36. Qf2 Qxe1 0-1


[Site "https://www.chess.com"]

[Event "Titled Tuesday Blitz August 16 Early 2022"]
[White "Leschinsky, Gary"]
[Black "Eynullayev, Atilla"]
[WhiteFideId "30951321"]
[BlackFideId "13413570"]
[WhiteElo "1809"]
[BlackElo "1936"]
[Result "1-0"]
[Round "03"]
[TimeControl "180+2"]
[Date "2022.08.18"]
[WhiteClock "0:00:00"]
[BlackClock "0:00:00"]

1. c4 e5 2. Nc3 Nf6 3. Nf3 Nc6 4. e3 Bb4 5. Qc2 Bxc3 6. Qxc3 Qe7 7. a3 e4 8. Nd4 Nxd4 9. Qxd4 c5 10. Qc3 d5 11. cxd5 O-O 12. Bc4 b5 13. Bxb5 Nxd5 14. Qc2 Bf5 15. O-O Rad8 16. Rd1 Nc7 17. Be2 Bg6 18. b3 Rd5 19. Bb2 Rfd8 20. Rac1 Ne6 21. b4 cxb4 22. axb4 Qxb4 23. Bc3 Qe7 24. Qa4 Qh4 25. d4 Bh5 26. Qc2 Bxe2 27. Qxe2 Rh5 28. h3 Rg5 29. Kh2 Rdd5 30. Ba5 h6 31. Bc7 Rg6 32. Bg3 Qf6 33. Qc4 Rdg5 34. d5 Nd8 35. Qd4 Rxg3 36. fxg3 Qg5 37. g4 h5 38. Qxe4 hxg4 39. Qxg4 Qe5+ 40. Qf4 Qe7 41. d6 Qe8 42. d7 Qe7 43. Rc8 Re6 44. Rb1 Rxe3 45. Qxe3 Qxe3 46. Rxd8+ Kh7 47. Rh8+ Kxh8 48. d8=Q+ Kh7 49. Rd1 Qf4+ 50. Kh1 g6 51. Qd3 Kh6 52. Rf1 Qc7 53. Qf3 Kg7 54. Qf4 Qd7 55. Qf6+ Kg8 56. Re1 a5 57. Re7 Qd1+ 58. Kh2 Qb3 59. Qe5 Kh7 60. Re8 Qb8 61. Qxb8 1-0


[Site "https://www.chess.com"]

[Event "Titled Tuesday Blitz August 16 Early 2022"]
[White "Levitskiy, Andrey"]
[Black "Kamsky, Gata"]
[WhiteFideId "14132885"]
[BlackFideId "2000024"]
[WhiteElo "2293"]
[BlackElo "2666"]
[Result "0-1"]
[Round "03"]
[TimeControl "180+1"]
[Date "2022.08.16"]
[WhiteClock "0:00:06"]
[BlackClock "0:00:29"]

1. e4 e5 2. Nf3 Nc6 3. Bc4 Bc5 4. c3 Nf6 5. d4 exd4 6. b4 Be7 7. e5 Ne4 8. b5 d5 9. bxc6 dxc4 10. cxb7 Bxb7 11. cxd4 O-O 12. O-O c5 13. Be3 c3 14. Qc2 cxd4 15. Bxd4 Rc8 16. Bxa7 Qa5 17. Be3 Rfd8 18. Nd4 g6 19. Nb3 Qxe5 20. Re1 Bf6 21. Na3 Qd5 22. Rad1 Nd2 23. f3 Nxf3+ 24. Kf2 Nd2 0-1


[Site "https://www.chess.com"]

[Event "Titled Tuesday Blitz August 16 Early 2022"]
[White "Maiorov, Nikita"]
[Black "Orzech, Dominik"]
[WhiteFideId "13501720"]
[BlackFideId "1115065"]
[WhiteElo "2409"]
[BlackElo "2272"]
[Result "1-0"]
[Round "03"]
[TimeControl "180+2"]
[Date "2022.08.18"]
[WhiteClock "0:00:00"]
[BlackClock "0:00:00"]

1. d4 Nf6 2. c4 c6 3. Nc3 d5 4. e3 e6 5. Nf3 Nbd7 6. Qc2 Be7 7. b3 O-O 8. Bd3 b6 9. O-O Bb7 10. Bb2 Qc7 11. Rac1 Rad8 12. cxd5 exd5 13. Ne2 Bd6 14. Ng3 g6 15. Qe2 Rfe8 16. Qc2 Qb8 17. Rfe1 Re7 18. a4 a5 19. Rcd1 Rde8 20. Qc1 Ne4 21. Ba3 f5 22. Bxd6 Qxd6 23. Qb2 f4 24. exf4 Qxf4 25. Nxe4 dxe4 26. Bc4+ Kf8 27. Nd2 Nf6 28. Nf1 Nd5 29. Ne3 Rd8 30. Bxd5 cxd5 31. Rc1 Rf7 32. Rc2 Kg8 33. b4 Ba6 34. bxa5 bxa5 35. Qb6 Rd6 36. Qb8+ Rf8 37. Qc7 Bd3 38. Rd2 Qf6 39. Qc5 Rfd8 40. h3 Kh8 41. Rb2 Rc6 42. Qxa5 Bc4 43. Qd2 Ra8 44. a5 Qe6 45. Ng4 Rca6 46. Rb7 Rxa5 47. Qh6 Qg8 48. Nf6 1-0


[Site "https://www.chess.com"]

[Event "Titled Tuesday Blitz August 16 Early 2022"]
[White "Mamedov, Rauf"]
[Black "Matinian, Nikita"]
[WhiteFideId "13401653"]
[BlackFideId "24129100"]
[WhiteElo "2666"]
[BlackElo "2422"]
[Result "1-0"]
[Round "03"]
[TimeControl "180+1"]
[Date "2022.08.16"]
[WhiteClock "0:00:10"]
[BlackClock "0:00:03"]

1. e4 e5 2. Nf3 Nc6 3. Bc4 Nf6 4. d3 h6 5. Nc3 d6 6. h3 g5 7. Be3 Bg7 8. Qd2 Na5 9. Bb3 Nxb3 10. axb3 a6 11. d4 exd4 12. Nxd4 O-O 13. h4 Ng4 14. hxg5 Nxe3 15. gxh6 Nxg2+ 16. Kf1 Be5 17. h7+ Kh8 18. Kxg2 f5 19. f4 Bg7 20. exf5 Bxf5 21. Nxf5 Rxf5 22. Raf1 Qd7 23. Rf3 Raf8 24. Ne4 Be5 25. Rh4 Qc6 26. Qe3 Bxb2 27. c3 Qd5 28. Rg3 Re8 29. Qf3 Qe6 30. Kh2 d5 31. Qg4 1-0


[Site "https://www.chess.com"]

[Event "Titled Tuesday Blitz August 16 Early 2022"]
[White "Manukian, Artak"]
[Black "Sovetbekova, Nurai"]
[WhiteFideId "13301373"]
[BlackFideId "13801910"]
[WhiteElo "2196"]
[BlackElo "1646"]
[Result "0-1"]
[Round "03"]
[TimeControl "180+2"]
[Date "2022.08.18"]
[WhiteClock "0:00:00"]
[BlackClock "0:00:00"]

1. e4 c5 2. Nf3 d6 3. Bb5+ Nd7 4. O-O a6 5. Bd3 Ngf6 6. Re1 e6 7. c3 Be7 8. a4 O-O 9. Bc2 c4 10. b4 b6 11. Na3 Qc7 12. Qe2 d5 13. exd5 exd5 14. Qxe7 Re8 15. Qxe8+ Nxe8 16. Rxe8+ Nf8 17. Bxh7+ Kxh7 18. Rxf8 Qe7 19. Rxc8 Rxc8 20. Nc2 Qe2 21. Ne3 Re8 22. Ba3 Qd3 23. b5 axb5 24. axb5 Ra8 25. h4 f6 26. Kh2 Qe4 27. Kg3 Qe6 28. Bb2 Rxa1 29. Bxa1 Qd6+ 30. Kg4 Qd7+ 31. Kf4 Qxb5 32. Nd4 Qb1 33. Nec2 Qf1 34. Kf3 Qd3+ 35. Kg4 Qxd2 36. Bb2 Qxf2 37. g3 g6 38. Ba3 Qf1 39. Bd6 f5+ 40. Kg5 Qc1+ 41. Kf6 Qg1 42. Bf4 Qf1 43. h5 gxh5 44. Kxf5 Qd3+ 45. Kg5 Qxc3 46. Kxh5 b5 47. Bd6 Qd3 48. Bb4 Qd1+ 49. Kh4 Qh1+ 50. Kg4 Kg6 51. Kf4 Qh6+ 52. Kf3 Qh5+ 53. g4 Qh3+ 54. Kf4 Qd3 55. Ke5 Qg3+ 56. Kxd5 Qxg4 57. Kc5 Qg5+ 58. Kb6 Qe5 59. Nxb5 Kf5 60. Ncd4+ Ke4 61. Bd6 Qf6 62. Kc5 Kd3 63. Kb4 c3 0-1


[Site "https://www.chess.com"]

[Event "Titled Tuesday Blitz August 16 Early 2022"]
[White "Manukyan, Sargis V."]
[Black "Nunez V, Gustavo Eduardo"]
[WhiteFideId "13303465"]
[BlackFideId "4403690"]
[WhiteElo "2221"]
[BlackElo "2228"]
[Result "1-0"]
[Round "03"]
[TimeControl "180+2"]
[Date "2022.08.18"]
[WhiteClock "0:00:00"]
[BlackClock "0:00:00"]

1. c4 Nf6 2. Nc3 g6 3. e4 Bg7 4. d4 d6 5. Be2 O-O 6. Nf3 e5 7. O-O Nbd7 8. Be3 Re8 9. d5 Nc5 10. Bxc5 dxc5 11. Ne1 b6 12. Nd3 Bf8 13. a4 a5 14. h3 Bd6 15. Ra3 Bd7 16. Bg4 Nxg4 17. hxg4 Qg5 18. f3 h5 19. gxh5 Bh3 20. Rf2 gxh5 21. Qd2 Qg6 22. Nb5 f5 23. Nxd6 cxd6 24. Rb3 Rab8 25. Kh2 fxe4 26. gxh3 Kh7 27. fxe4 Rg8 28. Rg2 Qxe4 29. Ne1 Rxg2+ 30. Nxg2 Qxc4 31. Rf3 Rg8 32. Rf7+ Kg6 33. Qf2 Kh6 34. Qf6+ Rg6 35. Qh8+ Kg5 36. Qd8+ Kh6 37. Qf8+ Kg5 38. Rf5# 1-0


[Site "https://www.chess.com"]

[Event "Titled Tuesday Blitz August 16 Early 2022"]
[White "Martic, Ivan"]
[Black "Kaasen, Tor Fredrik"]
[WhiteFideId "929301"]
[BlackFideId "1516647"]
[WhiteElo "2355"]
[BlackElo "2335"]
[Result "0-1"]
[Round "03"]
[TimeControl "180+2"]
[Date "2022.08.18"]
[WhiteClock "0:00:00"]
[BlackClock "0:00:00"]

1. e4 e5 2. Nf3 Nc6 3. Bb5 a6 4. Ba4 d6 5. O-O Bd7 6. c3 g6 7. d4 Bg7 8. dxe5 Nxe5 9. Nxe5 dxe5 10. Bxd7+ Qxd7 11. Qxd7+ Kxd7 12. f4 exf4 13. Bxf4 c6 14. Nd2 Ne7 15. Nc4 Ke6 16. Rad1 Rad8 17. Na5 b6 18. Nc4 Nc8 19. Bc7 Rxd1 20. Rxd1 Bf8 21. Kf1 b5 22. Na5 Bd6 23. Bxd6 Nxd6 24. e5 Kxe5 25. Nxc6+ Ke6 26. Na5 Rc8 27. Rd4 f5 28. Ke2 g5 29. g3 Ke5 30. a4 h5 31. axb5 axb5 32. Rb4 Kf6 33. Nb3 Re8+ 34. Kd3 Re1 35. Nd4 Rd1+ 36. Kc2 Rh1 37. h4 gxh4 38. gxh4 Rxh4 39. Kb3 Re4 40. Nf3 Kg6 41. Rd4 Rxd4 42. cxd4 f4 43. Kb4 Kf5 44. Kc5 Ne4+ 45. Kc6 Kg4 46. Ne5+ Kg3 47. d5 f3 48. Nd3 f2 49. Nxf2 Kxf2 50. d6 Nxd6 51. Kxd6 h4 52. Kc5 h3 53. Kxb5 h2 54. b4 h1=Q 55. Ka5 Qa8+ 56. Kb6 Qb8+ 0-1


[Site "https://www.chess.com"]

[Event "Titled Tuesday Blitz August 16 Early 2022"]
[White "Martin, Lewis"]
[Black "Navarrete Mendez, Gonzalo Alberto"]
[WhiteFideId "410551"]
[BlackFideId "5106850"]
[WhiteElo "2151"]
[BlackElo "2185"]
[Result "1-0"]
[Round "03"]
[TimeControl "180+2"]
[Date "2022.08.18"]
[WhiteClock "0:00:00"]
[BlackClock "0:00:00"]

1. e4 e5 2. Nf3 Nc6 3. Bb5 a6 4. Ba4 d6 5. O-O Bd7 6. Re1 Nge7 7. c3 Ng6 8. d4 Be7 9. Nbd2 O-O 10. Nf1 Bg4 11. h3 Bxf3 12. Qxf3 b5 13. d5 bxa4 14. dxc6 Qe8 15. Ng3 Qxc6 16. Be3 h6 17. Nf5 Qd7 18. Qg4 Qe6 19. h4 Qf6 20. h5 Nh4 21. Nxe7+ Qxe7 22. Bxh6 f5 23. Qg5 Rf7 24. Qxe7 Rxe7 25. Bg5 Nxg2 26. Bxe7 Nxe1 27. Rxe1 Kf7 28. Bg5 Rb8 29. Bc1 a3 30. b3 fxe4 31. Rxe4 Rxb3 32. axb3 1-0


[Site "https://www.chess.com"]